 Dungeon Crawl Stone Soup version 0.23-a0-395-gcf17ac6 (webtiles) character file.

120 HDogLeCool the Shield-Bearer (level 4, -1/35 HPs)
             Began as a Demonspawn Fighter on Nov 1, 2018.
             Killed from afar by an orc wizard (6 damage)
             ... with a magic dart
             ... on level 3 of the Dungeon.
             The game lasted 00:05:04 (1293 turns).

HDogLeCool the Shield-Bearer (Demonspawn Fighter)   Turns: 1293, Time: 00:05:04

Health: -1/35      AC:  9    Str: 18    XL:     4   Next: 75%
Magic:  4/4        EV:  7    Int:  9    God:
Gold:   114        SH:  9    Dex: 12    Spells: 3/3 levels left

rFire    . . .     SeeInvis +   a - +0 war axe
rCold    . . .     Gourm    .   c - +0 shield
rNeg     . . .     Faith    .   b - +0 scale mail
rPois    .         Spirit   .   e - +2 hat
rElec    .         Reflect  .   i - +0 cloak
rCorr    +         Harm     .   (no gloves)
MR       .....                  (no boots)
Stlth    ..........             (no amulet)
HPRegen  0.11/turn              p - ring of see invisible
MPRegen  0.09/turn              s - ring of resist corrosion

@: lethally poisoned (-1 -> -44), slowed, very slow
A: hooves 1, powered by death 1
a: no special abilities


You were on level 3 of the Dungeon.
You were hungry.

You visited 1 branch of the dungeon, and saw 3 of its levels.

You collected 114 gold pieces.

Inventory:

Hand Weapons
 a - a +0 war axe (weapon)
Missiles
 o - 94 stones (quivered)
 u - a throwing net
Armour
 b - a +0 scale mail (worn)
 c - a +0 shield (worn)
 e - a +2 hat (worn)
 i - a +0 cloak (worn)
Jewellery
 p - a ring of see invisible (left hand)
 s - a ring of resist corrosion (right hand)
Scrolls
 g - 2 scrolls of remove curse {unknown}
 j - a scroll of magic mapping {unknown}
 n - 2 scrolls of identify {unknown}
 r - a scroll of enchant armour {unknown}
 t - a scroll of random uselessness {unknown}
Potions
 d - a potion of might
 h - a potion of curing {unknown}
 k - a potion of degeneration {unknown}
 l - a potion of cancellation {unknown}
 q - a potion of haste {unknown}
 v - a potion of brilliance {unknown}
 w - 2 potions of agility {unknown}
Comestibles
 f - 4 rations
 m - 2 chunks of flesh


   Skills:
 + Level 3.5 Fighting
 * Level 3.0 Axes
 + Level 3.1 Armour
 * Level 3.6 Shields


You had 3 spell levels left.
You didn't know any spells.
Your spell library was empty.

Dungeon Overview and Level Annotations

Branches:
Dungeon (3/15)

Altars:


Innate Abilities, Weirdness & Mutations

You have large cloven feet.
You regenerate a little health from kills.


Message History

You are more poisoned.
The orc hits you but does no damage.
You closely miss the orc wizard. You kick the orc wizard.
The orc wizard is almost dead.
You barely miss the orc priest. You barely miss the orc.
You feel very sick.
The orc wizard hits you with a +2 dagger of venom.
* * * LOW HITPOINT WARNING * * *
You are more poisoned.
The orc wizard hits you but does no damage.
You are more poisoned.
The orc priest barely misses you. The orc hits you but does no damage.
The orc wizard casts a spell at you. The magic dart hits you!
* * * LOW HITPOINT WARNING * * *
The orc priest hits you but does no damage.
You block the orc's attack.
The orc wizard points at you and mumbles some strange words.
The magic dart hits you!
You die...

#.......#.#........#+###
...#....#'#........#....
..##....(.............#
.. #.#........#.......#
#.#+#......†.........#
.....................#
.....................#
......o.?............#
..#'#.)@.....##'#+#####
......oo...............
.......................
.......................
≈.≈≈≈≈...≈≈≈≈..≈≈≈≈≈≈≈≈
≈≈≈≈≈≈≈≈≈≈≈≈≈≈≈≈≈≈≈≈≈≈≈
≈≈≈≈≈≈≈≈≈≈≈≈≈≈≈≈≈≈≈≈≈≈≈
≈≈≈≈≈≈≈≈≈≈≈≈≈≈≈≈≈≈≈≈≈≈≈
####################


You could see an orc priest, an orc wizard and an orc.

Vanquished Creatures
  A bullfrog zombie (D:3)
  5 adders
  A worm (D:2)
  2 dart slugs (D:1)
  2 leopard geckos
  An orc (D:3)
  A giant cockroach (D:1)
  5 goblins
  3 hobgoblins
  A ball python (D:1)
  6 bats
  2 frilled lizards (D:1)
  4 kobolds
  6 rats
40 creatures vanquished.

Notes
Turn   | Place    | Note
-------+----------+-------------------------------------------
     0 | D:1      | HDogLeCool the Demonspawn Fighter began the quest for the
                  | Orb.
     0 | D:1      | Reached XP level 1. HP: 18/18 MP: 1/1
   131 | D:1      | Gained mutation: You regenerate a little health from kills.
                  | [demonic ancestry]
   131 | D:1      | Reached XP level 2. HP: 24/24 MP: 2/2
   645 | D:2      | Reached XP level 3. HP: 23/29 MP: 3/3
  1116 | D:2      | Gained mutation: You have large cloven feet. [demonic
                  | ancestry]
  1116 | D:2      | Reached XP level 4. HP: 35/35 MP: 4/4
  1293 | D:3      | Killed from afar by an orc wizard

Vault maps used:
D:1:      saegor_arrival_simple_a
D:3:      minmay_goblin_kobold_castle, portal_sewer_entry_a,
          hellmonk_ghost_happy_afterlife, first_ration

Skill      XL: |  1  2  3  4 |
---------------+-------------+-----
Axes           | 2 3 |  3.0
Shields        | 3 |  3.6
Armour         | 3 |  3.1
Fighting       | |  3.5

Action                   |  1- 3 |  4- 6 || total
-------------------------+-------+-------++-------
Melee: War axe           |   104 |    31 ||   135
       Kick              |       |     9 ||     9
  Eat: Chunk             |     1 |       ||     1
Armor: Scale mail        |    64 |    28 ||    92
Dodge: Dodged            |    36 |    16 ||    52
Block: Shield            |    44 |    19 ||    63

Table legend:
 A = Non-vault XP
 B = Vault XP
 C = Vault XP percentage of total XP
 D = Non-vault monster count
 E = Vault monster count
 F = Vault count percentage of total count
                 A         B        C        D         E       F
            +---------+---------+-------+---------+---------+-------
      Total |     172 |       0 |   0.0 |      40 |       0 |   0.0
            +---------+---------+-------+---------+---------+-------
        D:1 |      27 |       0 |   0.0 |      16 |       0 |   0.0
        D:2 |      84 |       0 |   0.0 |      20 |       0 |   0.0
        D:3 |      61 |       0 |   0.0 |       4 |       0 |   0.0
            +---------+---------+-------+---------+---------+-------
